 Dungeon Crawl Stone Soup version 0.30-a0-1053-gbd8d5ba0ad (webtiles) character file.

Game seed: 13697501102592161361

389 GigaChad the Chopper (level 7, -3/54 HPs)
             Began as a Formicid Fighter on Apr 11, 2023.
             Slain by Grinder (4 damage)
             ... on level 6 of the Dungeon.
             The game lasted 00:03:30 (2265 turns).

GigaChad the Chopper (Formicid Fighter)             Turns: 2265, Time: 00:03:30

Health: -3/54      AC: 15    Str: 23    XL:     7   Next: 7%
Magic:  7/7        EV:  6    Int:  7    God:
Gold:   103        SH:  6    Dex: 19    Spells: 6/6 levels left

rFire   . . .      SeeInvis +    a - +0 war axe
rCold   . . .      Faith    .    c - +0 buckler
rNeg    . . .      Spirit   .    o - +0 plate armour
rPois   .          Reflect  .    (helmet unavailable)
rElec   .          Rampage  .    m - +2 cloak
rCorr   .                        (no gloves)
Will    .....                    (no boots) Stlth
                                 (no amulet)
HPRegen 0.29/turn                b - +6 ring of dexterity
MPRegen 0.10/turn                (no ring)

@: no status effects
A: permanent stasis, dig shafts and tunnels, antennae 3, four strong arms
a: Dig, Shaft Self


You were on level 6 of the Dungeon.
You visited 1 branch of the dungeon, and saw 4 of its levels.

You collected 103 gold pieces.

Inventory:

Hand Weapons
 a - a +0 war axe (weapon)
 h - a +2 antimagic hammer
 l - a +2 quarterstaff of chaos
Armour
 c - a +0 buckler (worn)
 i - a +0 chain mail
 m - a +2 cloak (worn)
 o - a +0 plate armour (worn)
 p - +0 acid dragon scales
Jewellery
 b - a +6 ring of dexterity (left hand)
Wands
 j - a wand of digging (9)
Scrolls
 e - 2 scrolls of identify
 q - a scroll of teleportation {unknown}
 r - a scroll of summoning {unknown}
Potions
 d - a potion of might
 f - a potion of lignification
 g - 2 potions of curing {unknown}
 k - a potion of brilliance {unknown}
 n - a potion of degeneration {unknown}


   Skills:
 + Level 4.0 Fighting
 * Level 5.2 Axes
 * Level 4.8 Armour
 * Level 5.2 Shields


You had 6 spell levels left.
You didn't know any spells.
Your spell library contained the following spells:

 Spells                   Type           Power      Damage    Failure   Level
 Lesser Beckoning         Tloc           0%         N/A       100%        2
 Momentum Strike          Conj/Tloc      0%         3d8       100%        2
 Blink                    Tloc           Unusable   N/A       N/A         2

Dungeon Overview and Level Annotations

Branches:
Dungeon (3/15)

Altars:

Annotations:
D:6 Grinder, Pikel


Innate Abilities, Weirdness & Mutations

You cannot be hasted, slowed, berserked, paralysed or teleported.
You can dig through walls and to a lower floor.
You have a pair of large antennae on your head. (SInv)
Your four strong arms can wield two-handed weapons with a shield.


Message History

You are too injured to fight recklessly!
Unknown command.
Unknown command.
You are too injured to fight recklessly!
Unknown command.
You are too injured to fight recklessly!
You hit Grinder but do no damage.
Grinder is moderately wounded.
You closely miss the iguana. You closely miss Pikel. Grinder hits you!
You writhe in agony.
You block the iguana's attack. Pikel hits you but does no damage.
You hit Grinder.
Grinder is heavily wounded.
You hit the iguana but do no damage. You barely miss Pikel.
Grinder gestures at you.
Your stasis prevents you from being paralysed.
The iguana barely misses you. Pikel hits you but does no damage.
You hit Grinder.
Grinder is heavily wounded.
You hit Pikel. You barely miss the iguana. Grinder hits you.
* * * LOW HITPOINT WARNING * * *
You writhe in agony.
* * * LOW HITPOINT WARNING * * *
The iguana closely misses you. You block Pikel's attack.
You hit Grinder.
Grinder is severely wounded.
You slash the iguana! You hit Pikel. Grinder barely misses you.
Pikel hits you with a +1 whip of freezing!
* * * LOW HITPOINT WARNING * * *
Pikel freezes you.
* * * LOW HITPOINT WARNING * * *
The iguana bites you but does no damage.
The iguana barely misses you. Grinder hits you but does no damage.
Pikel barely misses you.
You hit Grinder but do no damage.
Grinder is severely wounded.
You closely miss the iguana. You closely miss Pikel. Grinder hits you.
* * * LOW HITPOINT WARNING * * *
You writhe in agony.
You die...

....##.......#
#...........#
##.......##
##.......## ##
##....#####
...# ##....##
.....###...###
......l...##
####55@.##
#55K.##
#..5### #...#
{ ....# ....
!.. ..


You could see Pikel, Grinder, 4 lemures and an iguana.

Vanquished Creatures
  Maggie (D:6)
  Crazy Yiuf (D:2)
  Terence (D:2)
  An adder (D:2)
  A worm (D:2)
  2 dart slugs (D:1)
  4 ball pythons (D:1)
  An endoplasm (D:1)
  3 giant cockroaches (D:1)
  7 goblins
  2 hobgoblins
  2 quokkas (D:1)
  A bat (D:1)
  3 frilled lizards (D:1)
  5 rats
35 creatures vanquished.

Notes
Turn   | Place    | Note
-------+----------+-------------------------------------------
     0 | D:1      | GigaChad the Formicid Fighter began the quest for the Orb.
     0 | D:1      | Reached XP level 1. HP: 18/18 MP: 1/1
   229 | D:1      | Reached XP level 2. HP: 24/24 MP: 2/2
   521 | D:1      | Reached XP level 3. HP: 26/29 MP: 3/3
   942 | D:2      | Found a runed translucent door.
   943 | D:2      | Noticed Crazy Yiuf
   956 | D:2      | Killed Crazy Yiuf
   957 | D:2      | Reached XP level 4. HP: 5/37 MP: 4/4
  1601 | D:2      | Noticed Terence
  1618 | D:2      | Killed Terence
  1721 | D:2      | Reached XP level 5. HP: 35/42 MP: 5/5
  2010 | D:3      | You fall into a shaft and drop 3 floors!
  2052 | D:6      | Noticed Maggie
  2072 | D:6      | Killed Maggie
  2073 | D:6      | Reached skill level 5 in Axes
  2073 | D:6      | Reached skill level 5 in Shields
  2073 | D:6      | Reached XP level 6. HP: 12/48 MP: 6/6
  2073 | D:6      | Reached XP level 7. HP: 13/54 MP: 7/7
  2251 | D:6      | Noticed Pikel
  2252 | D:6      | Noticed Grinder
  2264 | D:6      | HP: 2/54 [Pikel/+1 whip of freezing (3)]
  2265 | D:6      | Slain by Grinder

Illustrated notes

Levels and vault maps discovered:
D:1:      psy_arrival_heroes, layout_basic, grunt_decor_junction
D:2:      layout_loops_ring, uniq_terence, uniq_crazy_yiuf_cottage
D:3:      layout_basic, serial_undead, serial_undead_f, serial_undead_d,
          serial_undead_a, serial_undead_e
D:6:      layout_cave_pods, uniq_duvessa, uniq_grinder, uniq_pikel, uniq_maggie

Skill      XL: |  1  2  3  4  5 |
---------------+----------------+-----
Armour         | 4 |  4.8
Axes           | 3 5 |  5.2
Fighting       | 4 |  4.0
Shields        | 5 |  5.2

Action                     |  1- 3 |  4- 6 |  7- 9 || total
---------------------------+-------+-------+-------++-------
  Melee: War axe           |    66 |    50 |    12 ||   128
    Use: Scroll            |     2 |       |       ||     2
 Armour: Scale mail        |    26 |       |       ||    26
         Chain mail        |    12 |    13 |       ||    25
         Plate armour      |       |     6 |     7 ||    13
  Dodge: Dodged            |    26 |    22 |     8 ||    56
  Block: Buckler           |    17 |    10 |     6 ||    33

Table legend: (Time is in decaauts)
 A = Elapsed time spent in this place.
 B = Non-inter-level travel time spent in this place.
 C = Inter-level travel time spent in this place.
 D = Time resting spent in this place.
 E = Time spent auto-exploring this place.
 F = Levels seen in this place.
 G = Mean time per level.
                   A        B        C        D        E       F      G
               +--------+--------+--------+--------+--------+-----+--------+
         Total |   2313 |   2260 |     53 |    421 |   1431 |   4 |  578.2 |
       Dungeon |   2313 |   2260 |     53 |    421 |   1431 |   4 |  578.2 |
               +--------+--------+--------+--------+--------+-----+--------+

Top non-repeatable levels by time:
     D:2: 1143 daAuts
     D:1: 866 daAuts
     D:6: 263 daAuts
     D:3: 39 daAuts
